 Dungeon Crawl Stone Soup version 0.30.1-9-gdf580d7c3d (webtiles) character file.

Game seed: 2709694863210038219

167424 Amplified the Warrior (level 17, -8/147 HPs)
             Began as a Mummy Artificer on Oct 8, 2023.
             Was an Initiate of Gozag.
             Killed from afar by a deep elf annihilator (12 damage)
             ... with a bolt of lightning
             ... on level 2 of the Elven Halls.
             The game lasted 01:18:48 (41895 turns).

Amplified the Warrior (Mummy Artificer)            Turns: 41895, Time: 01:18:49

Health: -8/147     AC: 28    Str: 28    XL:     17   Next: 31%
Magic:  29/29      EV:  8    Int: 12    God:    Gozag
Gold:   607        SH: 13    Dex: 10    Spells: 32/32 levels left

rFire   + . .        i - +3 morningstar (venom)
rCold   + + +        l - +3 buckler {rC+}
rNeg    + + +        w - +2 plate armour "Bebyff" {rF+ rN+ Will+ Dex-2}
rPois   ∞            a - +2 helmet
rElec   .            z - scarf {rC+ rF+}
rCorr   .            f - +2 pair of gloves
SInv    .            u - +0 pair of boots
Will    +++..        G - amulet of reflection Stlth
                     o - +6 ring of strength
HPRegen 0.44/turn    n - ring of flight
MPRegen 0.21/turn

%: reflection, faith
@: flying
A: cold resistance 1, negative energy resistance 3, torment resistance 2, heat
vulnerability 1, in touch with death 2, no potions, faith
a: Renounce Religion, Potion Petition, Call Merchant, Bribe Branch


You were on level 2 of the Elven Halls.
You worshipped Gozag.
Gozag was pleased with you.
You visited 8 branches of the dungeon, and saw 32 of its levels.
You visited 1 bazaar.
You also visited: Gauntlet and Ice Cave.

You collected 10465 gold pieces.
You spent 2220 gold pieces at shops.
You paid 7638 gold pieces to Gozag.

Inventory:

Hand Weapons
 i - a +3 morningstar of venom (weapon)
 C - a +1 whip of electrocution
Missiles
 c - 105 poisoned darts (quivered)
Armour
 a - a +2 helmet (worn)
 f - a +2 pair of gloves (worn)
 g - a +2 pair of gloves
 k - a scarf of shadows
 l - a +3 buckler of cold resistance (worn)
 u - a +0 pair of boots (worn)
 w - the +2 plate armour "Bebyff" (worn) {rF+ rN+ Will+ Dex-2}
   (You bought it in a shop on level 8 of the Dungeon)

   Dex:       It affects your dexterity (-2).
   rF:        It protects you from fire.
   rN:        It protects you from negative energy.
   Will:      It increases your willpower.
 z - a scarf of resistance (worn)
 J - a +0 cloak of preservation
 R - the +3 leather armour of the Evening {Rampage rC- Will+ Slay+5}
   (You bought it in a shop on level 2 of the Orcish Mines)

   Slay:      It affects your accuracy & damage with ranged weapons and melee
   (+5).
   rC:        It makes you vulnerable to cold.
   Rampage:   It bestows one free step when moving towards enemies.
   Will:      It increases your willpower.
Magical Staves
 K - the staff of cold "Otwiluupn" {rC+ Dex+3 SInv}
   (You found it in a Gauntlet)

   [staff of cold]

   Base accuracy: +5 Base damage: 5 Base attack delay: 1.2 This weapon's minimum
   attack delay (0.6) is reached at skill level 12.
   Dex:       It affects your dexterity (+3).
   rC:        It protects you from cold.
   SInv:      It lets you see invisible.
   It falls into the 'Staves' category.
   It is a one-handed weapon.
Jewellery
 j - a ring of protection from cold
 m - an amulet of the acrobat
 n - a ring of flight (right hand)
 o - a +6 ring of strength (left hand)
 s - a ring of see invisible
 G - an amulet of reflection (around neck)
 O - a ring of resist corrosion
Wands
 d - a wand of mindburst (7)
 x - a wand of paralysis (4)
 A - a wand of polymorph (16)
 E - a wand of digging (5)
 Q - a wand of flame (21)
 U - a wand of iceblast (18)
Scrolls
 b - 6 scrolls of noise
 e - 22 scrolls of identify
 h - 10 scrolls of teleportation
 y - 3 scrolls of butterflies
 B - a scroll of brand weapon
 F - a scroll of fog
 H - 2 scrolls of amnesia
Miscellaneous
 q - a lightning rod (inert)
 I - a phial of floods
 L - a condenser vane (inert)


   Skills:
 + Level 17.2 Fighting
 * Level 14.8 Maces & Flails
 * Level 16.1 Armour
 - Level 0.7 Dodging
 - Level 0.7 Stealth
 - Level 8.1 Shields
 * Level 8.2 Spellcasting
 - Level 9.7 Evocations


You had 32 spell levels left.
You didn't know any spells.
Your spell library contained the following spells:

 Spells                   Type           Power      Damage    Failure   Level
 Magic Dart               Conj           16%        1d3       67%         1
 Sandblast                Erth           8%         2d5       67%         1
 Slow                     Hex            16%        N/A       67%         1
 Call Imp                 Summ           8%         N/A       80%         2
 Cigotuvi's Dreadful Rot  Necr/Pois/Air  22%        N/A       80%         2
 Passwall                 Tmut/Erth      3%         N/A       80%         2
 Poisonous Vapours        Pois/Air       8%         N/A       80%         2
 Static Discharge         Conj/Air       8%         2-3/arc   80%         2
 Call Canine Familiar     Summ           4%         N/A       95%         3
 Confusing Touch          Hex            4%         N/A       95%         3
 Inner Flame              Hex/Fire       4%         N/A       95%         3
 Mephitic Cloud           Conj/Pois/Air  4%         N/A       95%         3
 Portal Projectile        Hex/Tloc       8%         N/A       95%         3
 Stone Arrow              Conj/Erth      8%         3d7       95%         3
 Tukima's Dance           Hex            4%         N/A       95%         3
 Vampiric Draining        Necr           11%        2d6       95%         3
 Airstrike                Air            2%         2d(1-17)  100%        4
 Anguish                  Hex/Necr       5%         N/A       100%        4
 Cause Fear               Hex            2%         N/A       100%        4
 Dispel Undead            Necr           11%        3d9       100%        4
 Leda's Liquefaction      Hex/Erth       2%         N/A       100%        4
 Summon Lightning Spire   Summ/Air       4%         N/A       100%        4
 Borgnjor's Vile Clutch   Necr/Erth      5%         N/A       100%        5
 Freezing Cloud           Conj/Ice/Air   2%         6-21      100%        5
 Yara's Violent Unravell  Hex/Tmut       2%         3d3       100%        5
 Death Channel            Necr           5%         N/A       100%        6
 Enfeeble                 Hex            2%         N/A       100%        7
 Haunt                    Necr/Summ      5%         N/A       100%        7
 Summon Hydra             Summ           2%         N/A       100%        7
 Chain Lightning          Conj/Air       2%         3d2       100%        9
 Fire Storm               Conj/Fire      2%         8d1       100%        9
 Shatter                  Erth           2%         3d6*      100%        9
 Sublimation of Blood     Necr           Unusable   N/A       N/A         2
 Wereblood                Tmut           Unusable   N/A       N/A         2
 Blade Hands              Tmut           Unusable   N/A       N/A         5

Dungeon Overview and Level Annotations

Branches:
Dungeon (15/15)            Temple (1/1) D:6            Lair (5/5) D:10
  Swamp (4/4) Lair:2        Snake (2/4) Lair:3        Slime (0/5) Lair:4
    Orc (2/2) D:10            Elf (2/3) Orc:2        Vaults (0/5) D:14
 Depths (1/4) D:15          IceCv (visited)         Gauntlet (visited)

Altars:
Ashenzari
Cheibriados
Dithmenos
Fedhas
Gozag
Hepliaklqana
Kikubaaqudgha
Makhleb
Nemelex Xobeh
Okawaru
Qazlal
Ru
Sif Muna
Trog
Uskayaw
Vehumet
Wu Jian
Xom
Yredelemnul

Shops:
D:8 [   D:11 [   D:12 [   D:15 =[   Orc:1 [   Orc:2 [!!:   Elf:1 :   Elf:2 *
Lair:5 =   Swamp:1 (

Annotations:
D:15 Rupert
Snake:1 Agnes
Elf:2 Azrael


Innate Abilities, Weirdness & Mutations

You are immune to poison.
Your flesh is cold resistant. (rC+)
You are immune to negative energy. (rN+++)
You are immune to unholy pain and torment.
You are vulnerable to heat. (rF-)
You are strongly in touch with the powers of death.
You do not drink.
You have a special connection with the divine. (Faith)


Message History

The fire elemental hits you. The fire elemental burns you! You resist.
Found a short sword.
Found a stone staircase leading down.
A deep elf annihilator comes into view. It is wielding a +0 long sword.
Found a stone staircase leading up.
The deep elf annihilator shouts!
There is an open door here.
A +8 glaive of venom comes into view.
Found a wand of quicksilver (5) and a flail.
Found 24 gold pieces.
The fire elemental hits you. The fire elemental burns you! You resist.
You block the deep elf knight's attack. Azrael gestures at you.
The fireball explodes!
The fireball engulfs the fire elemental.
The fire elemental completely resists.
The fireball engulfs you. You resist.
The deep elf knight attacks as you move away!
The deep elf knight hits you with a +0 scimitar.
You block the +8 glaive of venom's attack.
The deep elf annihilator mumbles some strange words.
The deep elf annihilator blinks!
Unknown command.
The deep elf knight casts a spell at you.
The shard of ice hits you. You partially resist.
The deep elf annihilator casts a spell at you.
The bolt of lightning hits you!!
* * * LOW HITPOINT WARNING * * *
The bolt of lightning hits you!!
* * * LOW HITPOINT WARNING * * *
The +8 glaive of venom hits you from afar.
* * * LOW HITPOINT WARNING * * *
The fire elemental hits you. The fire elemental burns you! You resist.
* * * LOW HITPOINT WARNING * * *
There is a stone staircase leading up here.
Unknown command.
The +8 glaive of venom completely misses you.
The fire elemental barely misses you.
The deep elf annihilator points at you and mumbles some strange words.
The bolt of lightning hits you!
You die...
Your body crumbles into a pile of gold.

*,**,,,,,,,+** *,*
**,,,,,** *,,,,,,,,,,,,*
*,* **,,,,,,,**
**,,,,^......* *,*
*,,>,,,,,,*
***,,,,,......* *,*
*,,,,,,,,,*
,,+.........!.# *,*
*,,,,,,,,,*
**#...........# *,*
**,,,,,,,**
*#...........# *,*
**,,,,,**
**+.....○○..EE###+###
**,,,**
*,*#...°○E.○☼##E@...##
*****
+**#e##.hE#*#+○e....$#*
####○########○.(.../..#*
'.#..°#hR○○R○..........#
#...∩..h####....e......#
###...#.# #...........#
##.##.# #...........#
#....# #...>)......#
###### ##......)..**


You could see Azrael, a deep elf annihilator, a deep elf knight, 3 fire
elementals and a +8 glaive of venom.

Vanquished Creatures
  Jorgrun (D:14)
  A tentacled monstrosity (Swamp:3)
  A lich (D:15)
  A deep elf demonologist (Elf:2)
  10 eleionomae
  5 bunyips
  A dire elephant (D:15)
  A minotaur (Gauntlet)
  A shambling mangrove (Swamp:1)
  Fannar (Lair:2)
  A rakshasa (D:13)
  11 hydras
  A hell beast (Gauntlet)
  2 ghost crabs
  8 centaur warriors
  4 ogre magi
  A catoblepas (Lair:1)
  5 boulder beetles
  The ghost of Plommelars the Basher, a journeyman GrFi of Cheibriados (D:10)
  18 two-headed ogres
  7 dancing weapons
  2 alligators
  8 death yaks
  A naga warrior (Snake:1)
  3 tengu warriors
  A shock serpent (Snake:1)
  A naga sharpshooter (Snake:1)
  Urug (D:14)
  5 deep elf knights
  A sixfirhy (D:10)
  4 skysharks
  A skeletal warrior (D:12)
  8 goliath frogs
  7 deep elf archers
  A wizard (D:14)
  A swamp dragon (Swamp:2)
  A necromancer (D:14)
  2 orc knights
  9 deep elf zephyrmancers
  12 deep elf pyromancers
  3 shining eyes (D:13)
  8 ugly things
  A mana viper (Snake:1)
  A wolf spider (D:15)
  3 cyclopes
  6 will-o-the-wisps
  A salamander (shapeshifter) (D:14)
  3 manticores
  A salamander (Lair:3)
  9 black mambas
  2 naga magi
  9 elephants
  A water nymph (D:13)
  4 gargoyles
  A torpor snail (Lair:2)
  A rime drake (shapeshifter) (D:15)
  6 kobold demonologists
  An efreet (D:14)
  An ice devil (D:10)
  2 rime drakes
  9 cane toads
  2 tengu conjurers (D:15)
  14 komodo dragons
  A queen bee (D:12)
  3 meliai (D:12)
  A red devil (D:10)
  6 trolls
  9 polar bears
  8 tyrant leeches
  Grinder (D:6)
  10 hornets
  15 blink frogs
  26 slime creatures
  An air elemental (Elf:1)
  Sigmund (D:4)
  7 wraiths
  A water elemental (Elf:1)
  A wyvern (Lair:1)
  Eustachio (D:4)
  3 shadows (D:10)
  55 yaks
  17 spriggans
  2 dire elephant simulacra (IceCv)
  A neqoxec (D:10)
  16 humans
  5 basilisks
  2 steam dragons
  A fire elemental (Elf:2)
  A death yak simulacrum (IceCv)
  21 vampire mosquitoes
  7 wargs
  2 nagas (Snake:1)
  11 swamp worms
  2 acid dragons
  13 water moccasins
  2 swamp drakes
  9 orc warriors
  A black bear (Lair:5)
  28 ogres
  A sky beast (D:7)
  29 wolves
  3 boggarts (Lair:5)
  6 centaurs
  12 kobold brigands
  3 gnoll sergeants
  12 bullfrogs
  2 cane toad simulacra (IceCv)
  7 wights
  A scorpion (D:3)
  35 killer bees
  4 howler monkeys
  4 lava snakes (Lair:3)
  A quasit (D:10)
  3 hounds
  5 jellies
  8 orc priests
  A gnoll bouda (D:8)
  Crazy Yiuf (D:3)
  3 iron imps (D:7)
  4 iguanas
  19 orc wizards
  7 hell rats (Lair:4)
  A polar bear simulacrum (D:14)
  2 yak simulacra (D:14)
  6 wolf simulacra
  19 gnolls
  7 adders
  A white imp (D:7)
  4 ufetubi
  A worm (D:3)
  4 dart slugs
  61 orcs
  6 endoplasms
  A giant cockroach (D:1)
  7 goblins
  6 hobgoblins
  A jackal (D:1)
  11 kobolds
  2 quokkas
  4 ball pythons
  8 bats
  3 river rat simulacra (D:14)
857 creatures vanquished.

Vanquished Creatures (collateral kills)
  A tengu warrior (D:11)
  An orc wizard (D:6)
  A gnoll (D:11)
  A worm (D:2)
  A goblin (D:2)
  A hobgoblin (D:2)
6 creatures vanquished.

Vanquished Creatures (others)
  4 deep elf knights (Elf:1)
  3 bloated husks
  A water elemental (Elf:2)
  A warg (D:15)
  An orc wizard (D:4)
  2 orcs
  A hobgoblin (D:1)
  A jackal (D:1)
  A rat (D:1)
  46 foxfires
61 creatures vanquished.

Grand Total: 924 creatures vanquished

Notes
Turn   | Place    | Note
-------+----------+-------------------------------------------
     0 | D:1      | Amplified the Mummy Artificer began the quest for the Orb.
     0 | D:1      | Reached XP level 1. HP: 15/15 MP: 1/1
   227 | D:1      | Reached XP level 2. HP: 21/21 MP: 2/2
   520 | D:1      | Reached skill level 1 in Maces & Flails
   803 | D:1      | Gained mutation: You are in touch with the powers of death.
                  | [Mummy growth]
   803 | D:1      | Reached XP level 3. HP: 24/27 MP: 3/3
   921 | D:2      | Found a faded altar of an unknown god.
  1027 | D:2      | Reached skill level 2 in Fighting
  1051 | D:2      | Reached XP level 4. HP: 26/33 MP: 4/4
  1141 | D:2      | Found a hazy altar of Hepliaklqana.
  1694 | D:3      | Found a runed translucent door.
  1695 | D:3      | Noticed Crazy Yiuf
  1765 | D:3      | Found a stormy altar of Qazlal.
  1983 | D:3      | Noticed a +0 dagger
  1983 | D:3      | Noticed a +0 spear
  1985 | D:3      | Noticed a +0 falchion
  1985 | D:3      | Noticed a +0 falchion
  1985 | D:3      | Noticed a +0 spear
  1986 | D:3      | Noticed a +0 short sword
  1986 | D:3      | Noticed a +0 dagger
  1987 | D:3      | Noticed a +0 short sword
  1992 | D:3      | Found a hide-covered altar of Uskayaw.
  2422 | D:4      | Noticed a scorpion
  2481 | D:3      | Killed a scorpion
  2482 | D:3      | Reached XP level 5. HP: 33/40 MP: 5/5
  2537 | D:4      | Reached skill level 3 in Fighting
  2726 | D:4      | Reached XP level 6. HP: 45/47 MP: 6/6
  2847 | D:4      | Noticed Eustachio
  3239 | D:4      | You fall into a shaft and drop 1 floor!
  3239 | D:5      | Entered Level 5 of the Dungeon
  3306 | D:5      | Noticed a water moccasin
  3315 | D:5      | Killed a water moccasin
  3394 | D:5      | Found a hazy altar of Hepliaklqana.
  3680 | D:4      | Noticed Sigmund
  3726 | D:5      | Reached skill level 4 in Fighting
  3858 | D:5      | Reached XP level 7. HP: 54/54 MP: 7/7
  4562 | D:6      | Found a staircase to the Ecumenical Temple.
  4657 | Temple   | Entered the Ecumenical Temple
  4894 | Temple   | Became a worshipper of Gozag Ym Sagoz the Greedy
  5065 | D:6      | Reached skill level 5 in Fighting
  5065 | D:6      | Reached XP level 8. HP: 59/62 MP: 8/8
  5221 | D:6      | Noticed Grinder
  5232 | D:6      | Killed Grinder
  5260 | D:6      | Identified a scroll of acquirement
  5261 | D:6      | Acquired a manual of Fighting
  5785 | D:6      | Reached skill level 6 in Fighting
  5846 | D:7      | Reached skill level 5 in Armour
  6213 | D:7      | Reached skill level 7 in Fighting
  6213 | D:7      | Reached skill level 5 in Maces & Flails
  6217 | D:7      | Reached XP level 9. HP: 50/72 MP: 9/9
  6402 | D:7      | Found a burning altar of Makhleb.
  6545 | D:7      | Found a radiant altar of Vehumet.
  6803 | D:8      | Reached skill level 8 in Fighting
  6944 | D:8      | Found Fuejoih's Antique Armour Emporium.
  6950 | D:8      | Bought a translucent plate armour for 728 gold pieces
  6950 | D:8      | Identified the +2 plate armour "Bebyff" {rF+ rN+ Will+
                  | Dex-2} (You bought it in a shop on level 8 of the Dungeon)
  7769 | D:8      | Noticed a two-headed ogre
  7774 | D:8      | Killed a two-headed ogre
  7775 | D:8      | Reached skill level 9 in Fighting
  7775 | D:8      | Reached skill level 5 in Evocations
  8008 | D:9      | Reached XP level 10. HP: 84/84 MP: 10/10
  8086 | D:9      | Noticed a white ugly thing
  8094 | D:9      | Killed a white ugly thing
  8095 | D:9      | Reached skill level 10 in Fighting
  9288 | D:9      | Found a runed translucent gate.
  9291 | D:9      | Found a runed translucent gate.
  9292 | D:9      | Noticed Plommelars's ghost (journeyman GrFi)
  9293 | D:9      | Found a runed translucent gate.
  9397 | D:10     | Entered Level 10 of the Dungeon
  9451 | D:10     | Found a staircase to the Lair.
  9495 | D:10     | Reached skill level 11 in Fighting
  9835 | D:10     | Noticed a gargoyle
  9843 | D:10     | Killed a gargoyle
  9973 | D:10     | Noticed a sixfirhy
  9977 | D:10     | Killed a sixfirhy
  9978 | D:10     | Reached XP level 11. HP: 95/95 MP: 11/11
  9999 | D:10     | Reached skill level 12 in Fighting
 10223 | D:10     | Found a staircase to the Orcish Mines.
 10362 | D:11     | Noticed Snorg
 10696 | Orc:1    | Entered Level 1 of the Orcish Mines
 10945 | Orc:2    | Entered Level 2 of the Orcish Mines
 10959 | Orc:2    | Noticed an orc knight
 11044 | D:12     | Found a gate leading to a gauntlet.
 11143 | D:12     | Noticed a two-headed ogre
 11151 | D:12     | Killed a two-headed ogre
 11152 | D:12     | Reached skill level 13 in Fighting
 11214 | D:12     | Noticed a boulder beetle
 11265 | D:12     | Killed a boulder beetle
 11319 | Gauntlet | Entered a Gauntlet
 11319 | Gauntlet | Found a transporter.
 11319 | Gauntlet | Found a transporter.
 11319 | Gauntlet | Found a transporter.
 11320 | Gauntlet | Found a transporter.
 11323 | Gauntlet | Found a transporter.
 11325 | Gauntlet | Noticed a wretched star
 11332 | Gauntlet | Noticed a death yak
 11335 | Gauntlet | Noticed a necromancer
 11337 | Gauntlet | Found a transporter.
 11339 | Gauntlet | Found a transporter.
 11339 | Gauntlet | Noticed a death yak
 11339 | Gauntlet | Noticed a death yak
 11340 | Gauntlet | Noticed a death yak
 11340 | Gauntlet | Noticed a death yak
 11340 | Gauntlet | Noticed a death yak
 11347 | Gauntlet | Found a transporter.
 11347 | Gauntlet | Noticed a hell beast
 11438 | Gauntlet | Found a transporter.
 11448 | Gauntlet | Found a transporter.
 11452 | Gauntlet | Found a transporter.
 11456 | Gauntlet | Noticed a red ugly thing
 11458 | Gauntlet | Noticed a great orb of eyes
 11462 | Gauntlet | Found a transporter.
 11648 | Gauntlet | Killed a hell beast
 11795 | Gauntlet | Noticed a minotaur
 11806 | Gauntlet | Killed a minotaur
 11813 | Gauntlet | Identified the staff of cold "Otwiluupn" {rC+ Dex+3 SInv}
 11961 | D:12     | Found a runed translucent door.
 11963 | D:12     | Noticed a +0 demon trident of draining
 11964 | D:12     | Found a hide-covered altar of Uskayaw.
 11964 | D:12     | Noticed a +1 demon blade of pain
 11965 | D:12     | Noticed a +2 vampiric demon whip
 12033 | D:13     | Noticed a rakshasa
 12078 | D:12     | Noticed a deep elf pyromancer
 12099 | D:12     | Killed a deep elf pyromancer
 12139 | D:12     | Noticed an eight-headed hydra
 12202 | D:11     | Reached XP level 12. HP: 90/106 MP: 12/12
 12260 | D:11     | Snorg changed into Snorg the manticore
 12260 | D:11     | Noticed Snorg
 12269 | D:11     | Killed Snorg the manticore
 12367 | D:11     | Noticed a boulder beetle
 12378 | D:11     | Killed a boulder beetle
 12477 | D:11     | Noticed a tengu warrior
 12478 | D:11     | Noticed a tengu warrior
 12479 | D:11     | Reached skill level 14 in Fighting
 12484 | D:11     | Killed a tengu warrior
 12760 | D:11     | Killed a tengu warrior
 13304 | Lair:1   | Entered Level 1 of the Lair of Beasts
 13343 | Lair:1   | Noticed a catoblepas
 13351 | Lair:1   | Killed a catoblepas
 13494 | Lair:1   | Found a frozen archway.
 13549 | IceCv    | Entered an ice cave
 14300 | Lair:1   | Reached skill level 1 in Shields
 14999 | Lair:2   | Found a staircase to the Swamp.
 15290 | Lair:2   | Reached skill level 10 in Maces & Flails
 15527 | Lair:2   | Noticed a six-headed hydra
 15557 | Lair:2   | Gained mutation: You are strongly in touch with the powers
                  | of death. [Mummy growth]
 15557 | Lair:2   | Reached XP level 13. HP: 58/114 MP: 13/13
 16557 | Lair:2   | Noticed Fannar
 16582 | Lair:2   | Killed Fannar
 16943 | Lair:2   | Reached skill level 15 in Fighting
 16977 | Lair:2   | Acquired a manual of Armour
 17152 | Lair:2   | Reached skill level 10 in Armour
 17546 | Lair:3   | Reached skill level 5 in Shields
 17870 | Lair:3   | You fall into a shaft and drop 2 floors!
 17870 | Lair:5   | Entered Level 5 of the Lair of Beasts
 19043 | Lair:5   | Reached XP level 14. HP: 113/123 MP: 14/14
 21082 | Lair:4   | Found a staircase to the Slime Pits.
 22430 | Lair:3   | Found a staircase to the Snake Pit.
 22811 | D:4      | Killed Eustachio
 22846 | D:4      | Killed Sigmund
 23081 | D:3      | Killed Crazy Yiuf
 23739 | Orc:2    | Found Asaa's Antique Armour Emporium.
 23784 | Orc:2    | Bought a bloodstained leather armour for 231 gold pieces
 23784 | Orc:2    | Identified the +3 leather armour of the Evening {Rampage
                  | rC- Will+ Slay+5} (You bought it in a shop on level 2 of
                  | the Orcish Mines)
 24049 | Orc:2    | Found a staircase to the Elven Halls.
 24307 | Orc:2    | Found Liusic's Weapon Emporium.
 24307 | Orc:2    | Found Qeaklane's Book Boutique.
 25464 | Orc:2    | Reached XP level 15. HP: 89/130 MP: 15/15
 25769 | Orc:2    | Found Elyuwnar's Distillery.
 25770 | Orc:2    | Found Faolal's Distillery.
 25869 | Orc:2    | Reached skill level 16 in Fighting
 26369 | Orc:1    | Found Lizal's Armour Shop.
 27106 | D:12     | Found Ruunudghocro's Armour Shoppe.
 27849 | D:12     | Identified the +0 robe of Zin's Favour {Stlth+ Archmagi}
 29250 | D:14     | Noticed Rupert
 29250 | D:14     | Noticed Urug
 29250 | D:14     | Noticed Jorgrun
 29250 | D:14     | Found a gate to the Vaults.
 29317 | D:14     | Got Sif Muna's Textbook on the Cankerous Charnel House
 29323 | D:15     | Entered Level 15 of the Dungeon
 29533 | D:15     | Found a stormy altar of Qazlal.
 29657 | D:15     | Found a flickering gateway to a bazaar.
 29666 | Bazaar   | Entered a bazaar
 29884 | Bazaar   | Found Tableimo's Distillery.
 29918 | Bazaar   | Found Ikay's Distillery.
 29984 | Bazaar   | Found Ifota's Magic Scroll Emporium.
 30021 | Bazaar   | Bought a scroll of teleportation for 27 gold pieces
 30021 | Bazaar   | Bought a scroll of teleportation for 27 gold pieces
 30021 | Bazaar   | Bought a scroll of enchant armour for 67 gold pieces
 30033 | Bazaar   | Found Kuosch's Magic Scroll Emporium.
 30041 | Bazaar   | Bought a scroll of teleportation for 42 gold pieces
 30041 | Bazaar   | Bought a scroll of poison for 56 gold pieces
 30041 | Bazaar   | Bought a scroll of teleportation for 42 gold pieces
 30041 | Bazaar   | Bought a scroll of teleportation for 42 gold pieces
 30041 | Bazaar   | Bought a scroll of teleportation for 42 gold pieces
 30041 | Bazaar   | Bought a scroll of blinking for 105 gold pieces
 30041 | Bazaar   | Bought a scroll of magic mapping for 105 gold pieces
 30041 | Bazaar   | Bought a scroll of butterflies for 56 gold pieces
 30468 | D:15     | Found a staircase to the Depths.
 31503 | D:14     | Killed Urug
 31510 | D:14     | Reached skill level 15 in Armour
 31584 | Depths:1 | Entered Level 1 of the Depths
 31584 | Depths:1 | Noticed a lich
 31689 | D:15     | Killed a lich
 31844 | D:14     | Killed Jorgrun
 31845 | D:14     | Reached XP level 16. HP: 50/139 MP: 16/16
 33898 | D:10     | Killed Plommelars's ghost
 33938 | Swamp:1  | Entered Level 1 of the Swamp
 34116 | Swamp:1  | Reached skill level 1 in Spellcasting
 34860 | Swamp:3  | Noticed a tentacled monstrosity
 34873 | Swamp:3  | Killed a tentacled monstrosity
 37142 | Swamp:2  | Reached skill level 5 in Spellcasting
 37784 | Swamp:4  | Entered Level 4 of the Swamp
 39397 | Snake:1  | Entered Level 1 of the Snake Pit
 39571 | Snake:1  | Noticed Agnes
 40099 | Elf:1    | Entered Level 1 of the Elven Halls
 40104 | Elf:1    | Reached skill level 17 in Fighting
 40179 | Elf:1    | Reached XP level 17. HP: 14/147 MP: 27/27
 41029 | Elf:1    | Found Vefoul's Book Shoppe.
 41562 | Elf:1    | Paralysed by an air elemental for 1 turns
 41567 | Elf:1    | Paralysed by an air elemental for 1 turns
 41799 | Elf:2    | Found Caroelat's Gadget Gallery.
 41874 | Elf:2    | Bought a wand of iceblast (2) for 86 gold pieces
 41874 | Elf:2    | Bought a wand of iceblast (7) for 302 gold pieces
 41874 | Elf:2    | Bought a wand of mindburst (7) for 176 gold pieces
 41874 | Elf:2    | Bought a wand of paralysis (2) for 86 gold pieces
 41879 | Elf:2    | Noticed Azrael
 41894 | Elf:2    | HP: 7/147 [+8 glaive of venom (1)]
 41894 | Elf:2    | HP: 3/147 [fire elemental[Azrael] (4)]
 41895 | Elf:2    | Killed from afar by a deep elf annihilator

Illustrated notes

Levels and vault maps discovered:
D:1:      minmay_arrival_four_houses, layout_rooms
D:2:      layout_basic, shapermc_ecumenical_altar_mp_highgroup, basic_altar
D:3:      layout_basic, overflow_temple_1_default, nicolae_uskayaw_en_pointe,
          uniq_crazy_yiuf_cottage
D:4:      layout_loops_ring, kennysheep_path_1, mrwooster_statue_mirror,
          uniq_eustachio, uniq_sigmund
D:5:      layout_basic, mainiacjoe_overflow_paths, lemuel_flame_loot_1
D:6:      layout_loops_corners, minmay_temple_entry_drinking_statues,
          uniq_grinder
D:7:      layout_basic, demons_altar, lemuel_tele_altar, grunt_decor_clamped,
          minmay_strange_pillars
D:8:      layout_basic, serial_shops, shop, eino_small_chamber_without_monster,
          skrybe_limestone_x, roderic_roman_lattice
D:9:      layout_basic, gammafunk_ghost_nasty_kobolds, amethyst_killhole
D:10:     layout_roguey, dpeg_oklobed_lair, hiddenorc1_lemuel, serial_demonic,
          serial_demonic_e, serial_demonic_c, serial_demonic_g, serial_demonic_d
D:11:     layout_long_grid, uniq_snorg
D:12:     minmay_inside_and_out, layout_basic, gauntlet_entry_generic,
          serial_shops, shop, serial_curves, eino_curves_04, eino_curves_01,
          special_room [special_room_bee], nicolae_danse_macabre
D:13:     layout_loops_ring
D:14:     layout_small_grid, david_vaults_3, chequers_arboretum,
          nrook_mini_vaults, eino_house_with_fridge, uniq_jorgrun
D:15:     hangedman_depths_entry_try_elsewhere_first, layout_irregular_city,
          nicolae_qazlal_style_of_elements, serial_shops, bzr_firewalk
Temple:   bh_familiar_temple
Lair:1:   layout_layer_cave, portal_ice_cave_entry_pillars_1
Lair:2:   layout_layer_cave, swamp_mist, minmay_shattered_shrine, uniq_fannar
Lair:3:   layout_regular_city, nicolae_snake_entry_warm_welcome,
          grunt_megastairs_4
Lair:4:   layout_cave_pods, minmay_slime_entry_pillars,
          infiniplex_staircase_pool_2, grunt_megastairs_1
Lair:5:   minmay_lair_end_enchanted_forest, layout_hall_layers,
          minmay_hedge_maze
Swamp:1:  nicolae_swamp_wrong_neighborhood, layout_basic_swamp,
          hangedman_swamp_ruin_wall, swamp_pool1
Swamp:2:  layout_basic_swamp, evilmike_swamp_ruin_wall,
          infiniplex_staircase_pool
Swamp:3:  layout_basic_swamp, evilmike_swamp_ruin_house_4
Swamp:4:  swamp_alternative, layout_basic_swamp, swamp_pool4, uniq_donald
Snake:1:  layout_chambers, uniq_agnes
Snake:2:  layout_concentric_octagons, hellmonk_ghost_happy_afterlife,
          serial_shops, shop, grunt_megastairs_5
Orc:1:    layout_diamond_mine, serial_shops, nicolae_shop_real_fake_doors,
          basic_altar, mines5_lemuel
Orc:2:    st_orc_ogre_mass, layout_diamond_mine, serial_shops,
          nicolae_shop_advertising_works [nicolae_subvault_shop_adworks],
          dreamdust_deal_with_the_devil
Elf:1:    layout_geoelf_octagon, serial_shops, shop, evilmike_minifort
Elf:2:    elven_hall_of_blades_hangedman_original [nicolae_blade_little_rooms],
          layout_geoelf_diagonals, basic_altar, nicolae_shop_gadgets,
          uniq_azrael
Depths:1: layout_gridlike, enter_ziggurat_b, yredelemnul_altar_generic,
          grunt_pan_entry_sceptre, hell_entry, kennysheep_generic_room_14,
          minmay_shop_grove

Skill      XL: |  1  2  3  4  5  6  7  8  9 10 11 12 13 14 15 16 17 |
---------------+----------------------------------------------------+-----
Maces & Flails | 1 2 3 5 6 7 8 10 11 12 13 14 | 14.8
Armour         | 2 3 4 5 6 7 9 11 13 15 16 | 16.1
Fighting       | 2 3 4 5 7 9 11 13 14 15 16 17 | 17.2
Evocations     | 3 4 5 6 7 9 |  9.7
Shields        | 3 6 8 |  8.1
Spellcasting   | 6 8 |  8.2
Dodging        | |  0.7
Stealth        | |  0.7

Action                     |  1- 3 |  4- 6 |  7- 9 | 10-12 | 13-15 | 16-18 || total
---------------------------+-------+-------+-------+-------+-------+-------++-------
  Melee: Club              |    78 |       |       |       |       |       ||    78
         Punch             |     1 |     2 |     5 |     6 |       |       ||    14
         Whip              |    13 |    44 |       |       |       |       ||    57
         Morningstar       |       |   146 |   213 |   585 |  1693 |   852 ||  3489
  Throw: Dart              |       |    12 |       |    13 |     3 |       ||    28
         Throwing net      |       |       |       |       |     3 |       ||     3
 Invoke: Potion Petition   |       |       |       |     2 |     4 |     4 ||    10
         Call Merchant     |       |       |       |     1 |     2 |     2 ||     5
  Evoke: Wand              |    18 |    13 |    25 |    38 |    39 |    28 ||   161
         Lightning rod     |       |       |       |     7 |    16 |     5 ||    28
         Condenser vane    |       |       |       |     2 |     6 |     3 ||    11
         Phial of floods   |       |       |       |       |     2 |       ||     2
    Use: Scroll            |     8 |     8 |     4 |     8 |    22 |    13 ||    63
   Stab: Distracted        |       |       |     2 |     1 |     4 |     4 ||    11
         Paralysed         |       |       |       |    18 |    26 |     9 ||    53
         Betrayed ally     |       |       |       |     1 |       |       ||     1
         Held in net/web   |       |       |       |       |     3 |       ||     3
 Armour: Ring mail         |    61 |       |       |       |       |       ||    61
         Scale mail        |     1 |   114 |    81 |       |       |       ||   196
         Plate armour      |       |       |    33 |   341 |   763 |   450 ||  1587
  Dodge: Dodged            |    92 |    99 |   105 |   163 |   395 |   187 ||  1041
  Block: Other             |       |       |       |    76 |       |       ||    76
         Reflection        |       |       |       |     2 |    19 |    39 ||    60
         Buckler           |       |       |       |    61 |   992 |   445 ||  1498
